 Dungeon Crawl Stone Soup version 0.21-a0-513-gdcb3f5e (webtiles) character file.

956 ManicMinor the Purveyor of Pain (level 7, -5/51 HPs)
             Began as a Mummy Necromancer on Dec 2, 2017.
             Was an Initiate of Kikubaaqudgha.
             Killed from afar by an electric eel (12 damage)
             ... with a bolt of electricity
             ... on level 6 of the Dungeon.
             The game lasted 00:13:48 (8187 turns).

ManicMinor the Purveyor of Pain (Mummy Necromancer) Turns: 8187, Time: 00:13:48

Health: -5/51      AC:  7    Str: 11    XL:     7   Next: 91%
Magic:  7/12       EV: 11    Int: 16    God:    Kikubaaqudgha [......]
Gold:   329        SH:  0    Dex: 13    Spells: 0/13 levels left

rFire    . . .     SeeInvis .   q - +0 long sword (flame)
rCold    + . .     Gourm    .   (no shield)
rNeg     + + +     Faith    .   s - +0 leather armour
rPois    ∞         Spirit   .   (no helmet)
rElec    .         Reflect  .   c - +0 cloak
rCorr    .         Harm     .   f - +0 pair of gloves
MR       .....                  p - +1 pair of boots
Stlth    ++........             (no amulet)
HPRegen  0.17/turn              h - ring of positive energy
MPRegen  0.13/turn              o - ring of protection from fire

@: no status effects
A: no food or potions, fire vulnerability, cold resistance 1, negative energy
resistance 3, torment resistance, unbreathing
a: Renounce Religion


You were on level 6 of the Dungeon.
You worshipped Kikubaaqudgha.
Kikubaaqudgha was noncommittal.
You were not hungry.

You visited 2 branches of the dungeon, and saw 7 of its levels.

You collected 329 gold pieces.

Inventory:

Hand Weapons
 d - a +0 hand axe
 i - a +0 flail
 k - a +0 halberd
 n - a +0 club
 q - a +0 long sword of flaming (weapon)
 t - a +2 quarterstaff of chaos
Missiles
 j - 197 stones (quivered)
Armour
 a - a +0 robe
 c - a +0 cloak (worn)
 f - a +0 pair of gloves (worn)
 p - a +1 pair of boots (worn)
 s - a +0 leather armour (worn)
Magical Staves
 u - an uncursed staff of cold
Jewellery
 h - a ring of positive energy (left hand)
 o - a ring of protection from fire (right hand)
 r - an uncursed amulet of rage {unknown}
Scrolls
 e - a scroll of magic mapping
 g - 2 scrolls of teleportation
 l - 3 scrolls of fog
 m - 5 scrolls of remove curse
Books
 b - a book of Necromancy

   Spells                             Type                      Level
   a - Pain                           Necromancy                   1
   b - Animate Skeleton               Necromancy                   1
   c - Vampiric Draining              Necromancy                   3
   d - Regeneration                   Charms/Necromancy            3
   e - Animate Dead                   Necromancy                   4
   f - Control Undead                 Necromancy                   4


   Skills:
 - Level 2.9 Fighting
 + Level 2.5 Long Blades
 - Level 1.5 Dodging
 - Level 1.5 Stealth
 - Level 3.7 Spellcasting
 * Level 8.5 Necromancy


You couldn't memorise any spells.
You knew the following spells:

 Your Spells              Type           Power        Failure   Level  Hunger
a - Pain                  Necr           ####         1%          1    N/A
b - Animate Skeleton      Necr           N/A          1%          1    N/A
c - Vampiric Draining     Necr           ####......   1%          3    N/A
d - Control Undead        Necr           ####......   7%          4    N/A
e - Animate Dead          Necr           N/A          7%          4    N/A

Dungeon Overview and Level Annotations

Branches:
Dungeon (6/15)             Temple (1/1) D:4

Altars:
Ashenzari
Dithmenos
Fedhas
Gozag
Kikubaaqudgha
Makhleb
Okawaru
Ru
Sif Muna
Trog
Uskayaw
Vehumet
Yredelemnul
Zin
The Shining One

Annotations:
D:3 Grinder
D:6 1 exclusion


Innate Abilities, Weirdness & Mutations

You do not eat or drink.
Your flesh is vulnerable to fire.
You are immune to poison.
Your flesh is cold resistant. (rC+)
You are immune to negative energy. (rN+++)
You are immune to unholy pain and torment.
You can survive without breathing.


Message History

Aiming: Pain
Press: ? - help, Shift-Dir - straight line, f/p - electric eel
Aim: an electric eel (water, severely wounded, chance to defeat MR: 89%)
The electric eel barely resists.
The electric eel shoots out a bolt of lightning at you!
The bolt of electricity hits you!
* * * LOW HITPOINT WARNING * * *
The bolt of electricity misses you.
Casting: Pain
Confirm with . or Enter, or press ? or * to list all spells.
Aiming: Pain
Press: ? - help, Shift-Dir - straight line, f/p - electric eel
Aim: an electric eel (water, severely wounded, chance to defeat MR: 89%)
The electric eel barely resists.
The electric eel shoots out a bolt of lightning at you!
The bolt of electricity hits you!
* * * LOW HITPOINT WARNING * * *
The bolt of electricity hits you!
You die...
Kikubaaqudgha rasps: "You have failed me!
Welcome... oblivion!"

≈≈≈≈≈≈;≈≈≈≈##
≈≈≈;≈≈≈≈≈≈≈≈#
;≈≈≈≈≈≈≈#≈≈≈. # #
≈≈≈≈≈≈≈≈≈≈≈;≈ .#.
≈≈≈≈≈≈#≈≈.≈#≈≈ #.#
...≈..$≈≈≈)≈#≈##.#
<../.<..!?.≈≈.!#.#
≈)≈≈.♣.≈≈.w≈≈;...#
≈≈≈≈≈≈≈≈≈≈≈≈≈ #@#
≈#≈≈≈≈≈≈≈≈≈w≈ #.#
≈≈≈;≈≈≈≈#≈≈≈. #.#
#≈≈≈≈≈≈##≈≈≈#
#.###### ≈≈≈≈≈≈≈≈≈
≈.. #......#
#.≈≈≈≈##≈ .#
######.# #.#
.######.#
........######


You could see 2 electric eels and a dart slug.

Vanquished Creatures
  Prince Ribbit (D:6)
  An ogre (D:6)
  A centaur (D:5)
  A crimson imp (D:6)
  A bullfrog zombie (D:5)
  An orc wizard (D:5)
  Crazy Yiuf (D:5)
  3 hounds
  3 worker ants
  A hound zombie (D:6)
  2 hound skeletons
  12 gnolls
  3 adders
  2 oozes
  An adder zombie (D:4)
  An adder skeleton (D:4)
  2 worms
  4 dart slugs
  5 leopard geckos
  6 orcs
  2 giant cockroaches (D:5)
  6 goblins
  6 hobgoblins
  6 jackals
  3 quokkas
  5 bats
  4 frilled lizards
  6 kobolds
  5 rats
95 creatures vanquished.

Vanquished Creatures (collateral kills)
  An iguana (D:5)
  A dart slug (D:3)
2 creatures vanquished.

Vanquished Creatures (others)
  A jackal skeleton (D:6)
1 creature vanquished.

Grand Total: 98 creatures vanquished

Notes
Turn   | Place    | Note
-------+----------+-------------------------------------------
     0 | D:1      | ManicMinor the Mummy Necromancer began the quest for the Orb.
     0 | D:1      | Reached XP level 1. HP: 13/13 MP: 4/4
   203 | D:1      | Reached XP level 2. HP: 19/19 MP: 3/6
   234 | D:1      | Learned a level 1 spell: Animate Skeleton
   991 | D:2      | Reached XP level 3. HP: 24/24 MP: 4/7
  1732 | D:1      | Reached skill level 5 in Necromancy
  2217 | D:1      | Learned a level 3 spell: Vampiric Draining
  2573 | D:2      | Reached XP level 4. HP: 31/31 MP: 4/9
  3409 | D:3      | Reached skill level 1 in Fighting
  3653 | D:3      | Found a burning altar of Makhleb.
  3653 | D:3      | Found a glowing silver altar of Zin.
  3654 | D:3      | Noticed an angel
  3654 | D:3      | Noticed an Executioner
  3768 | D:4      | Noticed Grinder
  3788 | D:2      | Learned a level 4 spell: Control Undead
  4181 | D:4      | Reached XP level 5. HP: 38/38 MP: 5/10
  4466 | D:4      | Reached skill level 6 in Necromancy
  4769 | D:4      | Found a blossoming altar of Fedhas.
  4961 | D:4      | Reached XP level 6. HP: 43/46 MP: 11/11
  5023 | D:4      | Found a staircase to the Ecumenical Temple.
  5032 | Temple   | Entered the Ecumenical Temple
  5152 | Temple   | Became a worshipper of Kikubaaqudgha
  5362 | D:4      | Found an iron altar of Okawaru.
  5363 | D:4      | Found a bloodstained altar of Trog.
  5452 | D:5      | Entered Level 5 of the Dungeon
  5700 | D:5      | Found a runed door.
  5888 | D:5      | Noticed a troll
  6004 | D:5      | Found a basalt altar of Yredelemnul.
  6163 | D:5      | Reached skill level 7 in Necromancy
  6532 | D:5      | Reached skill level 1 in Long Blades
  6532 | D:5      | Reached XP level 7. HP: 50/51 MP: 8/12
  6681 | D:5      | Learned a level 4 spell: Animate Dead
  7346 | D:5      | Noticed Crazy Yiuf
  7357 | D:5      | Killed Crazy Yiuf
  7864 | D:6      | Noticed Prince Ribbit
  7891 | D:6      | Killed Prince Ribbit
  7891 | D:6      | Reached skill level 8 in Necromancy
  8187 | D:6      | Killed from afar by an electric eel

Vault maps used:
D:1:      noname_arrival_rooms_in_the_neighbourhood, minmay_tetromino_s2
D:3:      grunt_temple_overflow_order_and_chaos_2
D:4:      grunt_temple_overflow_bloody_war, minmay_temple_entry_glassed_door,
          first_bread, fedhas_altar_1, uniq_grinder
D:5:      yredelemnul_altar_generic, uniq_crazy_yiuf_cottage
D:6:      kennysheep_slugbush, slow_altar_2, uniq_prince_ribbit1, uniq_eustachio
Temple:   nicolae_temple_figure_zero

Skill      XL: |  1  2  3  4  5  6  7 |
---------------+----------------------+-----
Spellcasting   | 3 |  3.7
Necromancy     | 5 6 7 8 |  8.5
Fighting       | 1 2 |  2.9
Long Blades    | 1 2 |  2.5
Dodging        | |  1.5
Stealth        | |  1.5

Action                   |  1- 3 |  4- 6 |  7- 9 || total
-------------------------+-------+-------+-------++-------
Melee: Hand axe          |     3 |    46 |       ||    49
       Long sword        |       |       |    46 ||    46
Throw: Stone             |    11 |     2 |     3 ||    16
 Cast: Pain              |    76 |   123 |    46 ||   245
       Animate Skeleton  |     6 |    10 |       ||    16
       Vampiric Draining |       |     2 |     1 ||     3
       Control Undead    |       |     1 |       ||     1
       Animate Dead      |       |       |     5 ||     5
  Use: Scroll            |       |     9 |     3 ||    12
 Stab: Sleeping          |       |     1 |       ||     1
Armor: Robe              |     5 |    19 |       ||    24
       Leather armour    |       |     3 |    27 ||    30
Dodge: Dodged            |    26 |    91 |    38 ||   155
       Rpst.: Long sword |       |     4 |    14 ||    18

Table legend:
 A = Spawn XP
 B = Non-spawn XP
 C = Spawn XP percentage of total XP
 D = Spawn monster count
 E = Non-spawn monster count
 F = Spawn count percentage of total count
 G = Total turns spent on level
                    A         B        C        D         E        F      G
               +---------+---------+-------+---------+---------+-------+---------
         Total |       0 |    1366 |   0.0 |       0 |      97 |   0.0 |  8187
               +---------+---------+-------+---------+---------+-------+---------
           D:1 |       0 |      55 |   0.0 |       0 |      19 |   0.0 |  1361
           D:2 |       0 |      54 |   0.0 |       0 |      15 |   0.0 |  1521
           D:3 |       0 |      66 |   0.0 |       0 |      16 |   0.0 |   932
           D:4 |       0 |     244 |   0.0 |       0 |      18 |   0.0 |  1568
           D:5 |       0 |     418 |   0.0 |       0 |      21 |   0.0 |  2069
           D:6 |       0 |     529 |   0.0 |       0 |       8 |   0.0 |   606
               +---------+---------+-------+---------+---------+-------+---------
